 Dungeon Crawl Stone Soup version 0.30-a0-1082-g70414cbcbb (webtiles) character file.

Game seed: 16047866997861599882

302 bande the Covered (level 6, -3/38 HPs)
             Began as a Gargoyle Fighter on Apr 16, 2023.
             Was an Initiate of Okawaru.
             Killed by divine providence
             ... invoked by an orc priest
              (11 damage)
             ... on level 4 of the Dungeon.
             The game lasted 00:10:50 (5067 turns).

bande the Covered (Gargoyle Fighter)                Turns: 5067, Time: 00:10:51

Health: -3/38      AC: 12    Str: 19    XL:     6   Next: 37%
Magic:  15/15      EV:  8    Int:  9    God:    Okawaru [......]
Gold:   194        SH:  8    Dex: 11    Spells: 5/5 levels left

rFire   . . .      SeeInvis .    a - +1 war axe
rCold   . . .      Faith    .    i - +0 kite shield
rNeg    + . .      Spirit   .    b - +0 scale mail
rPois   ∞          Reflect  .    l - +0 helmet
rElec   +          Rampage  .    (no cloak)
rCorr   .                        (no gloves)
Will    .....                    (no boots) Stlth
                                 (no amulet)
HPRegen 0.26/turn                f - ring of magical power
MPRegen 0.14/turn                (no ring)

@: mighty, flying
A: sickness immunity, AC +4, negative energy resistance 1, electricity
resistance, torment resistance 1, petrification resistance
a: Renounce Religion


You were on level 4 of the Dungeon.
You worshipped Okawaru.
Okawaru was noncommittal.
You visited 1 branch of the dungeon, and saw 4 of its levels.

You collected 194 gold pieces.

Inventory:

Hand Weapons
 a - a +1 war axe (weapon)
 j - a +0 flail of venom
Missiles
 c - a throwing net (quivered)
Armour
 b - a +0 scale mail (worn)
 i - a +0 kite shield (worn)
 l - a +0 helmet (worn)
Jewellery
 f - a ring of magical power (left hand)
 m - a +6 ring of intelligence
Scrolls
 e - a scroll of teleportation
 n - a scroll of silence
 o - a scroll of enchant weapon
Potions
 g - a potion of curing
 k - a potion of lignification {unknown}
 p - a potion of ambrosia {unknown}


   Skills:
 + Level 4.1 Fighting
 + Level 4.1 Axes
 + Level 4.5 Armour
 + Level 4.4 Shields
 * Level 0.2 Invocations


You had 5 spell levels left.
You didn't know any spells.
Your spell library contained the following spells:

 Spells                   Type           Power      Damage    Failure   Level
 Lesser Beckoning         Tloc           0%         N/A       99%         2
 Gell's Gravitas          Tloc           0%         N/A       100%        3
 Teleport Other           Tloc           0%         N/A       100%        3
 Conjure Ball Lightning   Conj/Air       0%         3x3d6     100%        6
 Discord                  Hex            0%         N/A       100%        8
 Disjunction              Tloc           0%         N/A       100%        8


Dungeon Overview and Level Annotations

Branches:
Dungeon (4/15)
 Temple: D:4-7

Altars:
Okawaru
Wu Jian

Shops:
D:1 [

Annotations:
D:4 Sigmund


Innate Abilities, Weirdness & Mutations

You are immune to sickness and miasma.
Your stone body is resilient. (AC +4)
You are immune to poison.
You resist negative energy. (rN+)
You are resistant to electric shocks. (rElec)
You are resistant to unholy torment.
You are immune to petrification.


Message History

You barely miss something.
You hear some strange, mumbled words.
A magic dart appears from out of thin air!
The magic dart hits you but does no damage.
You hear some strange, mumbled words.
You are confused.
Unknown command.
An orc comes into view. It is wielding a +0 hand axe.
The orc shouts!
You hear a shout!
Something hits you but does no damage. The orc barely misses you.
The orc attacks as you move away! The orc hits you but does no damage.
You hear some strange, mumbled words.
Something tries to affect you, but you resist.
You slice the orc!!
You kill the orc!
Okawaru accepts your kill.
You miss something. Something hits you.
* * * LOW HITPOINT WARNING * * *
Something freezes you.
* * * LOW HITPOINT WARNING * * *
Sigmund appears from thin air!
Reactivating autopickup.
Sigmund gestures at you while chanting.
The puff of flame hits you but does no damage.
Sigmund hits you with a +2 scythe of freezing.
* * * LOW HITPOINT WARNING * * *
Sigmund freezes you.
* * * LOW HITPOINT WARNING * * *
An orc priest comes into view. It is wielding a +0 short sword.
Unknown command.
It was a potion of curing.
You feel better.
The orc priest shouts!
You block Sigmund's attack.
It was a potion of flight.
You feel very buoyant.
You fly up into the air.
The orc priest calls down the wrath of Beogh upon you.
Beogh smites you!
You die...

..# .# #.# .#
#.# .# #.# .#
#.####.###
#<##.#....
#.#...##
#.....o######.
#.....@@o.....
##.....#######
##...## ##.##
##. .# :# .#
.#


You could see Sigmund, an orc priest and an orc.

Vanquished Creatures
  An orc priest (D:3)
  Natasha (twice) (D:3)
  Robin (D:2)
  7 gnolls
  6 adders
  2 dart slugs
  2 worms (D:3)
  7 orcs
  6 ball pythons
  6 endoplasms
  2 giant cockroaches
  10 goblins
  7 hobgoblins
  3 jackals (D:1)
  3 bats
  4 frilled lizards
  6 kobolds
  6 rats
81 creatures vanquished.

Notes
Turn   | Place    | Note
-------+----------+-------------------------------------------
     0 | D:1      | bande the Gargoyle Fighter began the quest for the Orb.
     0 | D:1      | Reached XP level 1. HP: 14/14 MP: 1/1
   103 | D:1      | Reached XP level 2. HP: 19/19 MP: 2/2
   456 | D:1      | Found Nutol's Armour Boutique.
   587 | D:1      | Reached XP level 3. HP: 23/23 MP: 3/3
   874 | D:1      | Reached XP level 4. HP: 17/28 MP: 4/4
  1225 | D:2      | Noticed Robin
  1237 | D:2      | Killed Robin
  1871 | D:3      | Reached XP level 5. HP: 33/33 MP: 5/5
  2457 | D:3      | Reached XP level 6. HP: 38/38 MP: 6/6
  2848 | D:3      | Noticed Natasha
  2854 | D:3      | Killed Natasha
  3005 | D:3      | Found an iron altar of Okawaru.
  3006 | D:3      | Found an ornate altar of the Wu Jian Council.
  3012 | D:3      | Became a worshipper of Warmaster Okawaru
  3774 | D:3      | Noticed Natasha
  3783 | D:3      | Killed Natasha
  5044 | D:4      | Noticed Sigmund
  5067 | D:4      | Killed from afar by an orc priest

Illustrated notes

Levels and vault maps discovered:
D:1:      tarquinn_simple_flora_water_c, layout_basic, serial_shops, shop
D:2:      layout_basic, uniq_robin
D:3:      layout_loops_ring, gammafunk_temple_overflow_statue,
          minmay_misc_feat_chi, uniq_natasha
D:4:      layout_loops_ring, kennysheep_vampire_church, uniq_ijyb, uniq_sigmund

Skill      XL: |  1  2  3  4  5  6 |
---------------+-------------------+-----
Axes           | 2 3 4 |  4.1
Armour         | 4 |  4.5
Shields        | 4 |  4.4
Fighting       | 4 |  4.1
Invocations    | |  0.2

Action                     |  1- 3 |  4- 6 || total
---------------------------+-------+-------++-------
  Melee: War axe           |    70 |   148 ||   218
    Use: Scroll            |     4 |     6 ||    10
         Potion            |       |     3 ||     3
 Armour: Scale mail        |    47 |    91 ||   138
  Dodge: Dodged            |    34 |    51 ||    85
  Block: Buckler           |    14 |       ||    14
         Kite shield       |    12 |    84 ||    96

Table legend: (Time is in decaauts)
 A = Elapsed time spent in this place.
 B = Non-inter-level travel time spent in this place.
 C = Inter-level travel time spent in this place.
 D = Time resting spent in this place.
 E = Time spent auto-exploring this place.
 F = Levels seen in this place.
 G = Mean time per level.
                   A        B        C        D        E       F      G
               +--------+--------+--------+--------+--------+-----+--------+
         Total |   5176 |   4979 |    197 |    598 |   2054 |   4 | 1294.0 |
       Dungeon |   5176 |   4979 |    197 |    598 |   2054 |   4 | 1294.0 |
               +--------+--------+--------+--------+--------+-----+--------+

Top non-repeatable levels by time:
     D:3: 2953 daAuts
     D:2: 1195 daAuts
     D:1: 990 daAuts
     D:4: 37 daAuts
